 Dungeon Crawl Stone Soup version 0.24-b1-44-g37ad8b309f (webtiles) character file.

Game seed: 17010502173701841173, levelgen mode: deterministic

2286 Ruokin the Carver (level 9, 0/68 HPs)
             Began as a Human Fighter on Oct 24, 2019.
             Was a Believer of Okawaru.
             Slain by an 11-headed hydra (9 damage)
             ... on level 7 of the Dungeon.
             The game lasted 00:36:10 (6866 turns).

Ruokin the Carver (Human Fighter)                   Turns: 6866, Time: 00:36:11

Health: 0/68       AC: 23    Str: 20    XL:     9   Next: 66%
Magic:  7/9        EV:  8    Int:  9    God:    Okawaru [**....]
Gold:   341        SH: 11    Dex: 12    Spells: 8/8 levels left

rFire    . . .     SeeInvis .   D - +9 sword of Zonguldrok {reap}
rCold    . . .     Gourm    .   c - +0 shield
rNeg     . . .     Faith    .   s - +8 plate armour {ponderous}
rPois    +         Spirit   .   (no helmet)
rElec    .         Reflect  .   (no cloak)
rCorr    .         Harm     .   (no gloves)
MR       .....                  (no boots)
Stlth    ..........             l - amulet of regeneration
HPRegen  0.61/turn              k - ring of flight
MPRegen  0.11/turn              t - ring of poison resistance

@: heroism, slow
A: no striking features
a: Heroism, Renounce Religion, Evoke Flight


You were on level 7 of the Dungeon.
You worshipped Okawaru.
Okawaru was pleased with you.
You were not hungry.

You visited 1 branch of the dungeon, and saw 7 of its levels.

You collected 341 gold pieces.

Inventory:

Hand Weapons
 a - a +0 long sword
 C - a +2 quarterstaff of speed
 D - the +9 sword of Zonguldrok (weapon) {reap}
   (You found it on level 7 of the Dungeon)

   If a monster killed with it leaves a corpse in good enough shape, the corpse
   will be animated as a zombie friendly to the killer.
 F - a +0 whip of venom
 G - a +2 vampiric spear
Armour
 b - a +1 scale mail
 c - a +0 shield (worn)
 n - a +0 plate armour
 s - a +8 plate armour of ponderousness (worn)
 y - a +4 scale mail
 H - a +0 leather armour of fire resistance
Jewellery
 k - a ring of flight (left hand)
 l - an amulet of regeneration (around neck)
 t - a ring of poison resistance (right hand)
 E - an uncursed ring of wizardry {unknown}
Wands
 e - a wand of random effects (17)
 B - a wand of clouds (5)
Scrolls
 d - 4 scrolls of amnesia
 m - 2 scrolls of fog
 o - a scroll of random uselessness {unknown}
 p - 3 scrolls of teleportation
 q - 3 scrolls of enchant armour
 r - a scroll of noise {unknown}
 w - a scroll of remove curse {unknown}
Potions
 g - 3 potions of curing
 h - 3 potions of agility
 i - a potion of mutation {unknown}
 j - 3 potions of flight
 u - 2 potions of brilliance
 v - a potion of haste
 x - a potion of heal wounds {unknown}
 z - 2 potions of magic
 A - a potion of degeneration {unknown}
Comestibles
 f - 7 rations


   Skills:
 * Level 5.3(10.3) Fighting
 * Level 9.9(14.9) Long Blades
 + Level 6.0(11.0) Armour
 + Level 2.3(7.3) Dodging
 + Level 3.1(8.1) Shields


You had 8 spell levels left.
You didn't know any spells.
Your spell library contained the following spells:

 Spells                   Type           Power        Failure   Level  Hunger
 Flame Tongue             Conj/Fire      #....        100%        1    ##.....
 Infusion                 Chrm           #...         100%        1    ##.....
 Magic Dart               Conj           #...         100%        1    ##.....
 Blink                    Tloc           N/A          100%        2    ###....
 Call Imp                 Summ           #.......     100%        2    ###....
 Shroud of Golubria       Chrm/Tloc      #.....       100%        2    ###....
 Slow                     Hex            #.......     100%        2    ###....
 Song of Slaying          Chrm           #.......     100%        2    ###....
 Throw Flame              Conj/Fire      #.....       100%        2    ###....
 Conjure Flame            Conj/Fire      #.......     100%        3    ####...
 Inner Flame              Hex/Fire       #.......     100%        3    ####...
 Mephitic Cloud           Conj/Pois/Air  #.......     100%        3    ####...
 Regeneration             Chrm/Necr      #.........   100%        3    ####...
 Spectral Weapon          Hex/Chrm       #.......     100%        3    ####...
 Sticky Flame             Conj/Fire      #.......     100%        4    #####..
 Fireball                 Conj/Fire      #.........   100%        5    ######.


Dungeon Overview and Level Annotations

Branches:
Dungeon (7/15)             Temple (0/1) D:6

Altars:
Gozag
Hepliaklqana
Okawaru
Trog

Annotations:
D:4 Pikel


Message History

The ten-headed hydra bites you.
The ten-headed hydra bites you but does no damage. x2
You block the ten-headed hydra's attack.
The ten-headed hydra bites you! The ten-headed hydra bites you.
The ten-headed hydra barely misses you.
The ten-headed hydra bites you but does no damage.
The ten-headed hydra closely misses you.
The ten-headed hydra bites you!
* * * LOW HITPOINT WARNING * * *
You chop one of the ten-headed hydra's heads off!
The nine-headed hydra grows two more!
You slash the 11-headed hydra!
The 11-headed hydra is heavily wounded.
The 11-headed hydra bites you but does no damage.
You block the 11-headed hydra's attack.
The 11-headed hydra bites you but does no damage. x2
The 11-headed hydra bites you!
* * * LOW HITPOINT WARNING * * *
The 11-headed hydra bites you but does no damage. x2
The 11-headed hydra bites you!
You die...

#.............##.......#
.#####.#####..........#
#.........#..####.####
#.###'###.#..# #.#
.'.#.#.'.#.####..#
#.#.#)#.#.#.....#
#.'.'.#...#...#.#
#)#.#.#D#.#..##.#
.'.#.#.@.#....##.#
#.###'###)#....##.##### ..
#.....o.(.#..)........## #.##
#####(#########)#####..## .....
#.#(## ##.....###..## .....
#.#.#.####.......##..## ....o.
#.##.##.##...#.#...#..##
......#.##...##.#..##.##..#..##
.D..^.)##..#..##.....#.......##


You could see a 11-headed hydra.

Vanquished Creatures
  A hippogriff (D:7)
  Duvessa (D:7)
  A phantom (D:6)
  4 slaves (D:4)
  An ice beast (D:6)
  A black bear (D:7)
  An orc warrior (D:7)
  3 ogres
  2 centaurs
  Blork the orc (D:4)
  5 bullfrogs
  Dowan (D:7)
  The ghost of endorz the Skirmisher, a weakling MiBe of Trog (D:3)
  A scorpion (D:5)
  2 howler monkeys
  3 crimson imps
  2 hounds (D:4)
  An orc priest (D:3)
  An orc wizard (D:7)
  An iguana (D:4)
  3 worker ants
  11 adders
  7 gnolls
  2 shadow imps (D:6)
  2 oozes
  2 adder skeletons (D:7)
  A worm (D:2)
  2 dart slugs (D:1)
  6 leopard geckos
  16 orcs
  10 bats
  5 giant cockroaches
  5 goblins
  10 hobgoblins
  7 jackals
  6 kobolds
  3 quokkas
  5 frilled lizards
  8 rats
145 creatures vanquished.

Vanquished Creatures (collateral kills)
  An orc priest (D:7)
  2 orcs (D:7)
3 creatures vanquished.

Grand Total: 148 creatures vanquished

Notes
Turn   | Place    | Note
-------+----------+-------------------------------------------
     0 | D:1      | Ruokin the Human Fighter began the quest for the Orb.
     0 | D:1      | Reached XP level 1. HP: 18/18 MP: 1/1
    84 | D:1      | Reached XP level 2. HP: 20/24 MP: 2/2
   205 | D:1      | Reached XP level 3. HP: 24/29 MP: 3/3
   939 | D:2      | Reached skill level 3 in Long Blades
   939 | D:2      | Reached XP level 4. HP: 33/35 MP: 4/4
  1050 | D:2      | Found a hazy altar of Hepliaklqana.
  1477 | D:2      | Reached XP level 5. HP: 35/41 MP: 5/5
  2031 | D:3      | Reached skill level 4 in Long Blades
  2378 | D:3      | Found a runed translucent door.
  2379 | D:3      | Noticed endorz's ghost (weakling MiBe)
  2964 | D:3      | Killed endorz's ghost
  2964 | D:3      | Reached XP level 6. HP: 27/47 MP: 6/6
  3074 | D:4      | Noticed Blork the orc
  3085 | D:4      | Killed Blork the orc
  3085 | D:4      | Reached skill level 5 in Long Blades
  3364 | D:4      | Found an opulent altar of Gozag.
  3428 | D:4      | Reached XP level 7. HP: 52/53 MP: 7/7
  3481 | D:4      | Noticed Pikel
  3548 | D:4      | Reached skill level 1 in Dodging
  3690 | D:4      | Reached skill level 6 in Long Blades
  4223 | D:5      | Entered Level 5 of the Dungeon
  4367 | D:5      | Found an iron altar of Okawaru.
  4367 | D:5      | Found a bloodstained altar of Trog.
  4457 | D:5      | Became a worshipper of Warmaster Okawaru
  4986 | D:5      | Reached skill level 7 in Long Blades
  4986 | D:5      | Reached XP level 8. HP: 58/60 MP: 8/8
  5246 | D:6      | Found a staircase to the Ecumenical Temple.
  5289 | D:6      | Reached skill level 5 in Armour
  5472 | D:6      | Reached * piety under Okawaru
  5515 | D:6      | Reached skill level 8 in Long Blades
  5951 | D:6      | Reached XP level 9. HP: 57/66 MP: 9/9
  6216 | D:7      | Reached skill level 9 in Long Blades
  6263 | D:7      | Found the +9 sword of Zonguldrok {reap}
  6263 | D:7      | Noticed a four-headed hydra
  6280 | D:7      | Reached ** piety under Okawaru
  6519 | D:7      | Noticed a hippogriff
  6541 | D:7      | Noticed Dowan
  6548 | D:7      | Noticed Duvessa
  6562 | D:7      | Killed a hippogriff
  6562 | D:7      | Reached skill level 5 in Fighting
  6672 | D:7      | Killed Duvessa
  6675 | D:7      | Killed Dowan
  6866 | D:7      | Slain by an 11-headed hydra

Skill      XL: |  1  2  3  4  5  6  7  8  9 |
---------------+----------------------------+-----
Long Blades    | 3 4 5 7 8 9 |  9.9
Armour         | 4 5 6 |  6.0
Dodging        | 1 2 |  2.3
Fighting       | 4 5 |  5.3
Shields        | |  3.1

Action                   |  1- 3 |  4- 6 |  7- 9 || total
-------------------------+-------+-------+-------++-------
Melee: Long sword        |   133 |   194 |   453 ||   780
       Unarmed           |       |       |     1 ||     1
       Double sword      |       |       |    30 ||    30
Invok: Heroism           |       |       |     2 ||     2
 Abil: Evoke Flight      |       |     1 |       ||     1
  Use: Scroll            |       |     9 |    11 ||    20
       Potion            |       |     2 |     2 ||     4
 Stab: Distracted        |       |       |     1 ||     1
  Eat: Ration            |       |     3 |     3 ||     6
       Chunk             |       |       |     2 ||     2
Armor: Scale mail        |    66 |    42 |    59 ||   167
       Plate armour      |       |    44 |   190 ||   234
       Skin              |       |       |     9 ||     9
Dodge: Dodged            |    51 |    44 |    97 ||   192
Block: Shield            |    83 |    89 |   220 ||   392
       Rpst.: Long sword |    19 |    10 |    19 ||    48
       Double sword      |       |       |     1 ||     1
